Map: Alcyone LE

Players

Rogue - Winner!

  • Race: Zerg Zerg
  • Spawn Location: 7:00

Solar

  • Race: Zerg Zerg
  • Spawn Location: 1:00

Event: ESL Spring 2024 Finals

VOD

Have the link to the VOD?

Description

Time

  • Played on: May 31, 2024, 11:30 a.m.
  • Length: 4:25

All games in this series

Show
View Real Time Build Order
Export as new Build Order

Rogue Zerg - Winner!

Build Orders: Hatch First 

Get SALT Encoding   

  12  0:00  Drone  
  13  0:12  Overlord  
  13  0:16  Drone  
  14  0:31  Drone x2  
  16  0:48  Hatchery  
  15  0:50  Drone  
  15  0:53  Drone  
  17  0:57  Drone  
  18  1:08  Extractor  
  17  1:12  Spawning Pool  
  17  1:15  Drone  
  18  1:18  Drone  
  18  1:27  Drone  
  19  1:38  Drone  
  20  1:50  Drone  
  21  1:59  Queen x2  
  21  2:00  Zergling x4  
  27  2:10  Zergling x2  
  27  2:14  Overlord, Metabolic Boost  
  27  2:26  Zergling x2  
  28  2:32  Zergling x2  
  28  2:38  Zergling x2  
  21  2:47  Zergling x2  
  20  2:55  Zergling x2  
  20  2:57  Zergling x2  
  21  3:06  Zergling x2  
  21  3:07  Zergling x2  
  21  3:10  Zergling x2  
  24  3:14  Zergling x2  
  25  3:21  Zergling x2  
  25  3:23  Zergling x2  
  27  3:27  Zergling x2  
  28  3:35  Zergling x2  
  28  3:36  Zergling x2  
  28  3:39  Zergling x2  
  31  3:44  Zergling x2  
  31  3:47  Zergling x2  
  33  3:52  Zergling x2  
  32  3:57  Zergling x2  
  32  4:00  Zergling x2  
  31  4:05  Zergling x2  
Show
View Real Time Build Order
Export as new Build Order

Solar Zerg 

Build Orders: Pool First 

Get SALT Encoding   

  12  0:17  Spawning Pool  
  11  0:21  Drone  
  11  0:25  Drone  
  13  0:31  Drone  
  14  0:39  Overlord  
  14  1:03  Zergling x4  
  16  1:05  Zergling x2  
  17  1:15  Zergling x2  
  18  1:22  Hatchery  
  17  1:26  Zergling x2  
  17  1:32  Hatchery  
  18  1:37  Zergling x2  
  18  1:38  Spine Crawler  
  19  1:48  Zergling x2  
  20  1:54  Hatchery  
  20  1:59  Zergling x2  
  20  2:10  Queen  
  22  2:19  Overlord  
  21  2:37  Drone x2  
  21  2:42  Drone  
  20  2:48  Queen  
  20  2:53  Drone  
  20  3:03  Drone  
  21  3:06  Queen  
  21  3:09  Extractor  
  21  3:11  Drone  
  23  3:14  Drone  
  23  3:18  Drone  
  25  3:20  Drone  
  25  3:24  Drone  
  28  3:27  Drone  
  28  3:30  Drone  
  29  3:39  Spine Crawler, Zergling x2  
  29  3:45  Evolution Chamber  
  29  3:47  Zergling x2  
  29  3:51  Zergling x2  
  29  3:57  Zergling x2  
  29  4:00  Zergling x4  
  30  4:08  Spine Crawler  
Tags
 
Add a new tag
Caveats
  • Supply blocks, unpowered buildings, or Contaminate may cause inaccurate times.
  • Supply counts are checked every 10 seconds.